 Dungeon Crawl Stone Soup version 0.23-a0-38-g6d804a8 (webtiles) character file.

7603 Amnesiac the Nimble (level 10, -3/83 HPs)
             Began as a Mummy Conjurer on Aug 5, 2018.
             Was an Initiate of Sif Muna.
             Slain by an unseen horror (7 damage)
             ... on level 10 of the Dungeon.
             The game lasted 00:23:48 (12717 turns).

Amnesiac the Nimble (Mummy Conjurer)               Turns: 12717, Time: 00:23:48

Health: -3/83      AC:  5    Str: 11    XL:     10   Next: 97%
Magic:  3/16       EV: 19    Int: 21    God:    Sif Muna [......]
Gold:   426        SH:  0    Dex: 13    Spells: 3/17 levels left

rFire    x . .     SeeInvis .   b - staff of conjuration
rCold    + . .     Gourm    .   (no shield)
rNeg     + + +     Faith    .   w - +0 robe {rN+}
rPois    ∞         Spirit   .   d - +1 helmet
rElec    .         Reflect  .   (no cloak)
rCorr    .         Harm     .   k - +0 pair of gloves
MR       +....                  (no boots)
Stlth    ++........             (no amulet)
HPRegen  0.23/turn              u - ring of wizardry
MPRegen  0.15/turn              c - +3 ring of intelligence

@: about to teleport, very slightly contaminated
A: no food or potions, fire vulnerability, cold resistance 1, negative energy
resistance 3, torment resistance, unbreathing
a: Renounce Religion


You were on level 10 of the Dungeon.
You worshipped Sif Muna.
Sif Muna was noncommittal.
You were not hungry.

You visited 2 branches of the dungeon, and saw 11 of its levels.

You collected 426 gold pieces.

Inventory:

Hand Weapons
 a - a +0 hunting sling
 i - a +0 blowgun
Missiles
 o - 39 sling bullets
 p - 42 poisoned needles
 q - 297 stones (quivered)
Armour
 d - a +1 helmet (worn)
 k - a +0 pair of gloves (worn)
 w - a +0 robe of positive energy (worn)
Magical Staves
 b - an uncursed staff of conjuration (weapon)
Jewellery
 c - a +3 ring of intelligence (right hand)
 f - an uncursed ring of fire
 r - an uncursed ring of protection from fire
 s - an uncursed ring of teleportation
 u - a ring of wizardry (left hand)
Wands
 v - a wand of digging (18)
 z - a wand of paralysis (8)
Scrolls
 e - a scroll of magic mapping {!r}
 g - 2 scrolls of fog {!r}
 l - a scroll of acquirement {!r}
 m - a scroll of enchant weapon {!r}
 n - 4 scrolls of remove curse {!r}
 B - a scroll of fear {!r, unknown}
Miscellaneous
 x - a lamp of fire (inert)


   Skills:
 - Level 9.4 Fighting
 - Level 11.3 Dodging
 - Level 1.5 Stealth
 + Level 4.1 Spellcasting
 * Level 4.2 Conjurations


You had 3 spell levels left.
You knew the following spells:

 Your Spells              Type           Power        Failure   Level  Hunger
b - Iskenderun's Mystic   Conj           ####....     9%          4    N/A
d - Searing Ray           Conj           ####..       1%          2    N/A
e - Mephitic Cloud        Conj/Pois/Air  ###.....     9%          3    N/A
s - Conjure Flame         Conj/Fire      ###.....     6%          3    N/A
v - Blink                 Tloc           N/A          8%          2    N/A

Your spell library contained the following spells:

 Spells                   Type           Power        Failure   Level  Hunger
 Magic Dart               Conj           ####         1%          1    N/A
 Slow                     Hex            #.......     8%          2    N/A
 Confuse                  Hex            #.......     14%         3    N/A
 Animate Dead             Necr           N/A          41%         4    N/A
 Pain                     Necr           #...         4%          1    N/A
 Animate Skeleton         Necr           N/A          4%          1    N/A
 Vampiric Draining        Necr           #.........   14%         3    N/A
 Call Imp                 Summ           #.......     8%          2    N/A
 Regeneration             Chrm/Necr      #.........   14%         3    N/A
 Confusing Touch          Hex            #.....       4%          1    N/A
 Metabolic Englaciation   Hex/Ice        #.........   75%         5    N/A
 Summon Butterflies       Summ           #.......     4%          1    N/A
 Petrify                  Tmut/Erth      #.......     41%         4    N/A
 Fulminant Prism          Conj/Hex       ###.......   21%         4    N/A
 Dazzling Spray           Conj/Hex       ###...       6%          3    N/A
 Force Lance              Conj/Tloc      ###.....     21%         4    N/A
 Gell's Gravitas          Tloc           #.........   14%         3    N/A
 Yara's Violent Unravell  Hex/Tmut       #.........   75%         5    N/A

Dungeon Overview and Level Annotations

Branches:
Dungeon (10/15)            Temple (1/1) D:6            Lair (0/6) D:8
    Orc: D:9-12

Altars:
Ashenzari
Cheibriados
Dithmenos
Elyvilon
Fedhas
Gozag
Hepliaklqana
Kikubaaqudgha
Makhleb
Nemelex Xobeh
Okawaru
Qazlal
Ru
Sif Muna
Trog
Uskayaw
Vehumet
Wu Jian
Xom
Yredelemnul
Zin
The Shining One

Shops:
D:5 [

Portals:
Trove: D:10 (give +7 demon blade)


Innate Abilities, Weirdness & Mutations

You do not eat or drink.
Your flesh is vulnerable to fire.
You are immune to poison.
Your flesh is cold resistant. (rC+)
You are immune to negative energy. (rN+++)
You are immune to unholy pain and torment.
You can survive without breathing.


Message History

Aiming: Paralyse
Press: ? - help, Shift-Dir - straight line Nothing appears to happen.
Casting: Iskenderun's Mystic Blast (safe; 9% risk of failure)
Confirm with . or Enter, or press ? or * to list all spells.
Okay, then.
Casting: Iskenderun's Mystic Blast (safe; 9% risk of failure)
Confirm with . or Enter, or press ? or * to list all spells.
Aiming: Magic Dart (safe; 1% risk of failure)
Press: ? - help, Shift-Dir - straight line You feel a surge of power!
The magic dart hits something.
Casting: Magic Dart (safe; 1% risk of failure)
Confirm with . or Enter, or press ? or * to list all spells.
Aiming: Magic Dart (safe; 1% risk of failure)
Press: ? - help, Shift-Dir - straight line You feel a surge of power!
The magic dart hits something.
Casting: Magic Dart (safe; 1% risk of failure)
Confirm with . or Enter, or press ? or * to list all spells.
Aiming: Magic Dart (safe; 1% risk of failure)
Press: ? - help, Shift-Dir - straight line You feel a surge of power!
The magic dart hits something.
Something hits you!
* * * LOW HITPOINT WARNING * * *
Really read
h - 2 scrolls of teleportation {!r}?
Okay, then.
Evoke which item? (* to show all) (? for menu, Esc to quit)
Aiming: Paralyse
Press: ? - help, Shift-Dir - straight line Nothing appears to happen.
Something barely misses you. x2
Something hits you!
* * * LOW HITPOINT WARNING * * *
Something hits you but does no damage.
Really read
j - a scroll of blinking {!r}?
Blink to where?
Press: ? - help, Dir - move target cursor You are very lightly contaminated with residual magic.
As you read the scroll of blinking {!r}, it crumbles to dust.
Really read
h - 2 scrolls of teleportation {!r}?
As you read the scroll of teleportation {!r}, it crumbles to dust.
You feel strangely unstable.
Your surroundings suddenly seem different.
Something hits you but does no damage. Something hits you but does no damage.
Really read
t - a scroll labeled XIALYR MIQAO {!r}?
As you read the scroll labeled XIALYR MIQAO {!r}, it crumbles to dust.
The creatures around you are filled with an inner flame!
It was a scroll of immolation {!r}.
Something hits you but does no damage. Something barely misses you.
Really read
y - a scroll labeled ZOTROANUUM {!r}?
As you read the scroll labeled ZOTROANUUM {!r}, it crumbles to dust.
It is a scroll of amnesia.
Your memory of Magic Dart unravels.
Something hits you!
* * * LOW HITPOINT WARNING * * *
Really read
A - a scroll labeled MUT ESTUOREY {!r}?
As you read the scroll labeled MUT ESTUOREY {!r}, it crumbles to dust.
It is a scroll of enchant armour.
Your +0 helmet glows green for a moment.
Something closely misses you.
Really read
h - a scroll of teleportation {!r}?
As you read the scroll of teleportation {!r}, it crumbles to dust.
You feel strangely unstable. Something hits you.
* * * LOW HITPOINT WARNING * * *
Something hits you!
You die...

#####..#########..#########..####
#..# #..# #..# #
#####..#########..#########..####
....................§............
.<...............................
#####..#########..######..#######
#..# #..# #..# # #..# #..# #..# #
#..# #@.# #..# # #..#########..#
#..# # #.............# #..#
#####.............#
.......#########..######..
.......# #.......... .......#
#.......... .......# #..######..
.......# #..#


There were no monsters in sight!

Vanquished Creatures
  Erica (D:8)
  A troll (D:9)
  Prince Ribbit (D:8)
  A hippogriff (D:8)
  6 yaks (D:9)
  A human (D:9)
  3 hogs (D:9)
  5 porcupines (D:8)
  A hornet zombie (D:8)
  4 orc warriors
  2 sky beasts (D:6)
  A phantom (D:6)
  2 ice beasts
  A necrophage (D:9)
  5 ogres
  2 centaurs
  2 crocodiles
  Blork the orc (D:5)
  A big kobold (D:9)
  7 bullfrogs
  7 scorpions
  A wyvern skeleton (D:7)
  3 wights (D:9)
  5 howler monkeys
  2 bullfrog zombies
  A crimson imp (D:9)
  2 jellies
  A quasit (D:6)
  7 hounds
  4 orc priests
  9 orc wizards
  2 bullfrog skeletons
  3 iguanas
  7 worker ants
  A hound skeleton (D:6)
  A howler monkey zombie (D:10)
  A worker ant zombie (D:9)
  A howler monkey skeleton (D:5)
  4 gnolls (D:8)
  16 adders
  A shadow imp (D:5)
  An ooze (D:1)
  An adder zombie (D:7)
  An adder skeleton (D:4)
  A worm (D:4)
  4 dart slugs
  5 leopard geckos
  29 orcs
  3 giant cockroaches
  11 hobgoblins
  3 jackals (D:1)
  12 kobolds
  6 quokkas
  2 bats
  11 frilled lizards
  9 goblins
  2 quokka skeletons
  6 rats
234 creatures vanquished.

Vanquished Creatures (others)
  14 fungi (D:8)
  5 plants (D:8)
19 creatures vanquished.

Grand Total: 253 creatures vanquished

Notes
Turn   | Place    | Note
-------+----------+-------------------------------------------
     0 | D:1      | Amnesiac the Mummy Conjurer began the quest for the Orb.
     0 | D:1      | Reached XP level 1. HP: 13/13 MP: 4/4
   186 | D:1      | Reached XP level 2. HP: 18/19 MP: 1/6
   301 | D:2      | Learned a level 2 spell: Searing Ray
   445 | D:2      | Reached XP level 3. HP: 25/25 MP: 0/8
   520 | D:3      | Reached skill level 2 in Dodging
   591 | D:3      | Learned a level 2 spell: Blink
   665 | D:4      | Noticed a scorpion
   727 | D:4      | Noticed an ogre
   744 | D:4      | Reached XP level 4. HP: 7/31 MP: 1/9
   998 | D:4      | Reached skill level 1 in Fighting
  1150 | D:4      | Reached XP level 5. HP: 21/37 MP: 0/10
  1220 | D:4      | Learned a level 3 spell: Mephitic Cloud
  1224 | D:4      | Learned a level 3 spell: Conjure Flame
  1398 | D:4      | Found a sparkling altar of Nemelex Xobeh.
  1472 | D:4      | Killed an ogre
  1472 | D:4      | Reached skill level 3 in Dodging
  1980 | D:4      | Reached XP level 6. HP: 46/46 MP: 3/12
  2030 | D:5      | Entered Level 5 of the Dungeon
  2057 | D:5      | Noticed Blork the orc
  2095 | D:5      | Killed Blork the orc
  2095 | D:5      | Reached skill level 4 in Dodging
  2251 | D:5      | Reached XP level 7. HP: 52/52 MP: 4/13
  2323 | D:5      | Found a burning altar of Makhleb.
  2347 | D:5      | Found Lagie's Armour Emporium.
  2879 | D:6      | Reached skill level 5 in Dodging
  3325 | D:6      | Found a hazy altar of Hepliaklqana.
  3404 | D:6      | Reached skill level 6 in Dodging
  3404 | D:6      | Reached XP level 8. HP: 45/61 MP: 1/14
  3614 | D:6      | Reached skill level 5 in Fighting
  3841 | D:6      | Found a staircase to the Ecumenical Temple.
  3850 | Temple   | Entered the Ecumenical Temple
  4082 | D:1      | Found a shattered altar of Ashenzari.
  5444 | D:3      | Reached skill level 7 in Dodging
  6350 | D:6      | Found a shadowy altar of Dithmenos.
  7234 | D:7      | Reached XP level 9. HP: 69/69 MP: 7/15
  7277 | D:7      | Identified 2 scrolls of acquirement {!r}
  7333 | D:7      | Reached skill level 8 in Dodging
  8597 | D:8      | Noticed Prince Ribbit
  8616 | D:8      | Killed Prince Ribbit
  8807 | D:8      | Reached skill level 9 in Dodging
  8826 | D:8      | Noticed Erica
  8849 | D:8      | Killed Erica
  9210 | D:8      | Reached XP level 10. HP: 56/80 MP: 7/16
  9360 | D:8      | Found a staircase to the Lair.
  9599 | D:8      | Reached skill level 10 in Dodging
  9718 | D:8      | Found a hide-covered altar of Uskayaw.
 10608 | D:9      | Found a white marble altar of Elyvilon.
 10784 | D:9      | Found a stormy altar of Qazlal.
 11357 | D:9      | Reached skill level 11 in Dodging
 12169 | D:9      | Found a deep blue altar of Sif Muna.
 12180 | D:9      | Became a worshipper of Sif Muna the Loreminder
 12231 | D:9      | Identified Sif Muna's Compendium of the Escort
 12362 | D:9      | Learned a level 4 spell: Iskenderun's Mystic Blast
 12394 | D:10     | Entered Level 10 of the Dungeon
 12502 | D:10     | Found a portal to a secret trove of treasure.
 12716 | D:10     | HP: 4/83 [something (5)]
 12717 | D:10     | Slain by an unseen horror

Vault maps used:
D:1:      dpeg_arrival_morbid_curiosity, nicolae_ashenzari_panopticon
D:4:      lemuel_doored_altar, first_ration
D:5:      bloody_makhleb, serial_shops, nicolae_shop_crystal, uniq_blork_the_orc
D:6:      overflow_temple_1_default, grunt_dithmenos_shadows,
          lemuel_temple_firewalk_b, minmay_misc_feat_ornament
D:8:      old_standard_altar, due_lair_maze_entry_diamond, uniq_prince_ribbit1,
          uniq_erica
D:9:      overflow_temple_1_default, led_sif_book, grunt_livestock,
          elyvilon_altar_4
D:10:     nicolae_trove_entry_crossroad
Temple:   eino_temple_lava

Skill      XL: |  1  2  3  4  5  6  7  8  9 10 |
---------------+-------------------------------+-----
Spellcasting   | 3 4 |  4.1
Dodging        | 2 3 4 6 7 9 11 | 11.3
Fighting       | 1 2 3 4 6 7 9 |  9.4
Conjurations   | 4 |  4.2
Stealth        | |  1.5

Action                   |  1- 3 |  4- 6 |  7- 9 | 10-12 || total
-------------------------+-------+-------+-------+-------++-------
Melee: Unarmed           |     9 |       |    20 |       ||    29
       Staff             |       |       |       |    23 ||    23
 Fire: Hunting sling     |       |       |     2 |       ||     2
 Cast: Magic Dart        |    48 |    42 |   188 |    44 ||   322
       Searing Ray       |     1 |    13 |    59 |    38 ||   111
       Mephitic Cloud    |       |       |     5 |     8 ||    13
       Conjure Flame     |       |       |     3 |    12 ||    15
       Blink             |       |       |     1 |     3 ||     4
       Iskenderun's Myst |       |       |       |    12 ||    12
Evoke: Wand              |       |       |    20 |    12 ||    32
       Lamp of fire      |       |       |       |     1 ||     1
  Use: Scroll            |     2 |     1 |     8 |     6 ||    17
Armor: Robe              |     6 |     2 |    19 |    19 ||    46
Dodge: Dodged            |    18 |    17 |   142 |   114 ||   291

Table legend:
 A = Spawn XP
 B = Non-spawn XP
 C = Spawn XP percentage of total XP
 D = Spawn monster count
 E = Non-spawn monster count
 F = Spawn count percentage of total count
 G = Total turns spent on level
                    A         B        C        D         E        F      G
               +---------+---------+-------+---------+---------+-------+---------
         Total |       0 |   10862 |   0.0 |       0 |     234 |   0.0 | 12717
               +---------+---------+-------+---------+---------+-------+---------
           D:1 |       0 |      53 |   0.0 |       0 |      28 |   0.0 |  1081
           D:2 |       0 |      77 |   0.0 |       0 |      17 |   0.0 |   883
           D:3 |       0 |     156 |   0.0 |       0 |      20 |   0.0 |  1259
           D:4 |       0 |     364 |   0.0 |       0 |      19 |   0.0 |  1632
           D:5 |       0 |     294 |   0.0 |       0 |       8 |   0.0 |   871
           D:6 |       0 |    1624 |   0.0 |       0 |      31 |   0.0 |  1602
           D:7 |       0 |    1166 |   0.0 |       0 |      29 |   0.0 |  1564
           D:8 |       0 |    3420 |   0.0 |       0 |      30 |   0.0 |  1487
           D:9 |       0 |    3559 |   0.0 |       0 |      47 |   0.0 |  1997
          D:10 |       0 |     149 |   0.0 |       0 |       5 |   0.0 |   323
               +---------+---------+-------+---------+---------+-------+---------
